Map: Invader LE

Players

blackxored

  • Race: Zerg Zerg
  • League: Diamond

Poltergeist - Winner!

  • Race: Terran Terran
  • League: Gold

VOD

Have the link to the VOD?

Description

Time

  • Played on: July 3, 2016, 10:57 a.m.
  • Length: 17:08
Show
View Real Time Build Order
Export as new Build Order

blackxored Zerg 

Build Orders: Hatch First, Zergling Baneling 

Get SALT Encoding   

  12  0:01  Drone  
  13  0:08  Drone  
  14  0:17  Overlord  
  14  0:22  Extractor  
  14  0:24  Drone  
  15  0:36  Drone x2  
  17  0:55  Hatchery  
  16  0:57  Drone  
  16  1:00  Drone  
  18  1:08  Drone  
  19  1:11  Extractor  
  18  1:25  Spawning Pool  
  17  1:26  Drone  
  17  1:29  Drone  
  19  1:40  Overlord  
  19  1:50  Drone  
  20  2:11  Zergling x2  
  20  2:12  Zergling x2  
  20  2:13  Queen x2  
  20  2:15  Zergling x2  
  27  2:25  Hatchery  
  27  2:29  Metabolic Boost  
  26  2:35  Drone  
  26  2:36  Drone  
  28  2:40  Drone  
  29  2:45  Drone  
  29  2:50  Drone x2  
  32  2:57  Overlord  
  32  3:06  Pneumatized Carapace  
  32  3:09  Queen  
  34  3:14  Drone x2  
  36  3:31  Drone x4  
  36  3:32  Drone x3  
  43  3:36  Overlord  
  43  3:46  Queen  
  45  3:54  Spore Crawler  
  45  3:55  Drone  
  45  4:00  Drone, Spore Crawler  
  45  4:03  Baneling Nest  
  45  4:04  Queen  
  46  4:18  Zergling x12  
  46  4:19  Zergling x6  
  55  4:26  Spine Crawler  
  55  4:28  Queen  
  55  4:31  Overlord  
  56  4:42  Drone x2  
  58  4:50  Baneling x8  
  58  4:51  Baneling  
  58  5:07  Zergling x4  
  58  5:08  Zergling x12  
  66  5:26  Zergling x6  
  66  5:27  Overlord x2  
  66  5:28  Overlord  
  66  5:29  Baneling x2  
  66  5:30  Baneling x2  
  66  5:42  Overlord  
  66  5:46  Overlord  
  66  5:48  Spore Crawler  
  65  5:59  Lair  
  65  6:00  Drone  
  65  6:01  Drone  
  67  6:13  Drone x15  
  82  6:29  Drone x2  
  82  6:30  Evolution Chamber x2  
  82  6:34  Drone x9  
  82  6:35  Drone x2  
  82  6:38  Extractor  
  92  6:50  Extractor x2  
  92  6:52  Drone  
  91  6:54  Drone x3  
  91  6:55  Drone x2  
  91  7:17  Drone x3  
  91  7:19  Extractor  
  91  7:21  Zerg Melee Weapons Level 1, Overseer  
  93  7:30  Extractor  
  93  7:35  Drone  
  93  7:36  Drone x2  
  93  7:37  Drone x5  
  96  7:42  Zergling x2  
  96  7:43  Zergling x10  
  105  7:44  Hatchery  
  105  7:45  Overseer x2  
  105  7:46  Baneling  
  105  7:48  Overlord x5, Baneling  
  105  7:49  Overlord  
  104  8:02  Queen  
  106  8:05  Queen  
  108  8:15  Zergling x12  
  108  8:16  Zergling x8, Overseer x2  
  108  8:19  Spire  
  116  8:22  Zergling x2  
  116  8:23  Baneling x2  
  116  8:24  Baneling x4  
  117  8:41  Baneling x11  
  109  8:46  Zergling x2  
  109  8:47  Zergling x16  
  118  8:52  Baneling  
  117  9:05  Zergling x22  
  124  9:16  Zergling x8  
  124  9:23  Baneling x7  
  110  9:28  Zergling x12  
  113  9:33  Zergling x2  
  113  9:34  Zergling x2  
  110  9:45  Zergling x2  
  110  9:46  Zergling x8  
  112  9:53  Zergling x6  
  112  9:59  Zergling x10  
  106  10:02  Zergling x2  
  106  10:03  Zergling x6  
  106  10:05  Baneling x2  
  106  10:06  Baneling x5  
  109  10:13  Zergling x12  
  105  10:24  Baneling  
  105  10:25  Baneling x5  
  105  10:26  Zergling x14  
  108  10:35  Zergling x2, Baneling  
  107  10:36  Zergling x4  
  102  10:51  Zergling x18  
  102  11:10  Zergling x4  
  102  11:11  Zergling x16  
  92  11:18  Zergling x2  
  92  11:19  Zergling x10  
  97  11:28  Zergling x4  
  97  11:32  Zerg Flyer Weapons Level 1  
  98  11:35  Baneling  
  98  11:36  Baneling x12  
  98  11:37  Zergling x4  
  99  11:45  Zergling x6  
  99  11:46  Zergling x4  
  101  11:53  Centrifical Hooks  
  95  11:56  Zergling x12  
  82  12:17  Zergling x16  
  83  12:26  Zergling x10  
  83  12:30  Queen  
  83  12:31  Zergling x4  
  83  12:32  Zergling x4  
  88  12:37  Baneling x8  
  88  12:40  Zergling x6  
  87  12:50  Zergling x16  
  75  12:54  Queen x2  
  75  13:01  Zergling x6  
  78  13:06  Queen  
  78  13:11  Zergling x4  
  78  13:12  Zergling x6  
  84  13:13  Baneling x2  
  84  13:17  Zergling x2  
  84  13:18  Zergling x6  
  88  13:20  Zergling x2  
  88  13:24  Zergling x4  
  91  13:29  Baneling  
  91  13:30  Queen x2  
  90  13:37  Zergling x4  
  90  13:38  Zergling x2  
  76  13:50  Zergling x12  
  76  13:51  Zergling x4  
  76  13:53  Baneling x2  
  76  13:54  Zerg Melee Weapons Level 2, Baneling x12  
  76  13:55  Zerg Ground Armor Level 1  
  84  13:56  Mutalisk x2  
  84  14:01  Zergling x8  
  92  14:05  Overseer  
  84  14:30  Zergling x26  
  89  14:36  Zergling x2  
  89  14:38  Baneling x5  
  87  14:39  Baneling  
  87  14:45  Mutalisk x4  
  83  14:46  Mutalisk x4  
  92  14:57  Zergling x6  
  91  15:13  Zergling x6  
  91  15:14  Zergling x10  
  97  15:16  Overseer  
  99  15:23  Zergling x2  
  99  15:24  Zergling x4  
  100  15:33  Zergling x6  
  100  15:35  Baneling x6  
  103  15:39  Baneling x3  
  103  15:40  Baneling x7  
  103  15:41  Zergling x6, Baneling x2  
  100  16:04  Zergling x22  
  91  16:17  Zergling x6  
  75  16:37  Mutalisk x2  
  75  16:38  Mutalisk  
Show
View Real Time Build Order
Export as new Build Order

Poltergeist Terran - Winner!

Build Orders: MMM Bio 

Get SALT Encoding   

  12  0:00  SCV  
  13  0:12  SCV  
  14  0:18  Supply Depot  
  14  0:25  SCV  
  15  0:30  Refinery  
  15  0:39  SCV  
  16  0:53  Barracks  
  16  0:54  SCV  
  17  1:07  SCV  
  18  1:20  SCV  
  19  1:32  SCV  
  20  1:40  Reaper  
  20  1:42  Supply Depot  
  20  1:45  Orbital Command  
  21  2:09  Command Center  
  21  2:13  Barracks Reactor  
  21  2:20  Factory, SCV  
  22  2:30  Refinery  
  22  2:35  Supply Depot  
  22  2:38  SCV  
  23  2:50  Marine x2  
  25  2:52  Bunker  
  25  2:56  SCV  
  26  3:01  Supply Depot  
  26  3:06  Hellion  
  26  3:11  Marine x2  
  30  3:23  Orbital Command  
  30  3:37  Starport  
  30  3:40  Hellion, Barracks Tech Lab  
  32  3:44  Hellion  
  34  3:50  Orbital Command  
  35  3:59  SCV  
  35  4:02  Stimpack  
  35  4:06  Hellion x2  
  39  4:12  SCV  
  40  4:18  Medivac  
  40  4:21  Marine  
  43  4:27  Barracks  
  43  4:37  SCV x2  
  45  4:40  Bunker  
  45  4:49  Starport Reactor, SCV x2  
  45  4:50  Widow Mine x2  
  51  4:52  Barracks  
  51  5:01  SCV x2  
  53  5:07  Marine  
  53  5:13  SCV x2  
  56  5:14  Supply Depot  
  56  5:25  SCV x2  
  56  5:26  Barracks Reactor  
  47  5:38  SCV x2  
  47  5:41  Refinery  
  49  5:43  Supply Depot x2, Refinery  
  49  5:48  Supply Depot  
  49  5:50  Hellion x2, SCV x2  
  49  5:54  Barracks Reactor  
  49  5:55  Marine  
  56  6:02  SCV x2  
  58  6:07  Marine x2  
  60  6:12  Marine  
  61  6:19  SCV x2  
  61  6:24  Medivac x2  
  67  6:30  Widow Mine x2  
  67  6:31  SCV x2  
  67  6:32  Combat Shields  
  73  6:33  Marine x2  
  75  6:40  Marine x3  
  75  6:43  SCV  
  79  6:47  Barracks  
  79  6:48  Barracks, SCV  
  79  6:51  Marine x2  
  82  6:55  SCV  
  82  6:58  Marine x3  
  84  7:11  Marine x2  
  84  7:13  Medivac x2  
  84  7:14  Widow Mine x2  
  94  7:21  Supply Depot  
  94  7:22  Supply Depot x2  
  94  7:36  Barracks Reactor  
  94  7:42  Widow Mine  
  94  7:43  Marine x6, Widow Mine  
  104  7:58  Command Center  
  104  8:00  Marine x4  
  108  8:07  Marine x2  
  108  8:10  SCV x2  
  108  8:11  Widow Mine x2  
  115  8:17  Marine x2  
  115  8:18  Marine  
  118  8:21  Supply Depot  
  118  8:22  Supply Depot  
  118  8:23  Supply Depot  
  118  8:27  Engineering Bay  
  118  8:42  Marine x5  
  118  8:43  Marauder, SCV, Widow Mine x2  
  118  8:44  Marine x2, SCV  
  133  8:55  SCV  
  134  8:56  SCV  
  134  9:00  Marine  
  134  9:02  Marine x4  
  139  9:03  Marine  
  139  9:05  Liberator  
  139  9:07  SCV  
  142  9:15  Marine x2  
  142  9:18  Marine  
  138  9:30  Marine x2  
  134  9:32  SCV x2  
  136  9:39  Marine  
  136  9:40  Marine x4  
  136  9:41  Marauder  
  136  9:44  SCV x2  
  145  9:49  Marine x2  
  146  9:56  SCV  
  146  9:57  Marine x2  
  126  10:10  Planetary Fortress  
  126  10:15  Marine x6  
  126  10:16  Marine x2  
  126  10:17  SCV x2  
  124  10:33  Marine x7  
  124  10:34  Marauder, SCV x2  
  135  10:48  Refinery  
  134  10:50  Marine, Widow Mine x2  
  134  10:51  Marine x6  
  134  10:53  Medivac  
  134  10:55  Marauder  
  132  11:08  Marine x3  
  132  11:09  Marine  
  132  11:10  Marine x3  
  131  11:17  Marauder  
  121  11:19  SCV x3  
  121  11:25  Refinery  
  121  11:26  Marine x4  
  121  11:28  Marine x2, Command Center  
  121  11:31  SCV  
  128  11:34  Widow Mine x2  
  128  11:35  Marine  
  128  11:37  Medivac  
  128  11:38  Marine  
  136  11:44  Marine  
  136  11:46  Terran Infantry Weapons Level 1  
  137  12:00  Marine x5  
  137  12:01  Marine, Marauder  
  145  12:02  Widow Mine x2  
  149  12:11  Marine  
  140  12:18  Marine x6  
  134  12:23  Marauder  
  134  12:27  SCV  
  134  12:29  Marine  
  130  12:31  Widow Mine x2  
  130  12:36  Marine x5  
  139  12:49  Marine x3  
  139  12:50  Medivac x2  
  146  12:53  Marine  
  146  12:54  Marine x2  
  146  12:57  Marine x2  
  151  12:59  Widow Mine x2  
  151  13:02  SCV x3  
  158  13:06  Marine  
  158  13:07  Marine, Marauder  
  161  13:20  Medivac x2  
  161  13:21  Engineering Bay  
  161  13:22  Armory  
  165  13:28  Widow Mine x2  
  165  13:29  Marauder  
  161  13:36  Marine  
  161  13:40  Terran Infantry Armor Level 1  
  145  13:45  Marine x6  
  147  13:49  Marine  
  147  13:50  Medivac  
  147  13:53  Marine  
  150  13:56  Widow Mine  
  150  14:02  Widow Mine  
  152  14:03  Marine x3  
  152  14:04  Marine x3  
  160  14:11  Missile Turret x2  
  160  14:23  Marine  
  160  14:24  Marine x7  
  159  14:25  Widow Mine  
  159  14:31  Widow Mine  
  163  14:41  Marine x2  
  163  14:42  Marine x5  
  163  14:43  Marauder  
  170  14:47  Supply Depot  
  164  14:59  Marine x4  
  155  15:00  Marine x3  
  155  15:02  SCV x3  
  155  15:03  Widow Mine x2  
  155  15:04  Marine  
  166  15:14  Planetary Fortress  
  166  15:17  Marine x3, Refinery  
  166  15:19  Refinery  
  169  15:32  Missile Turret  
  169  15:34  Missile Turret  
  169  15:36  Missile Turret  
  162  16:10  Marine x5  
  162  16:11  Marine x3  
  167  16:12  Widow Mine  
  167  16:15  Supply Depot  
  167  16:17  Supply Depot  
  167  16:18  Supply Depot  
  158  16:28  Marine x2  
  158  16:29  Marauder  
  158  16:30  SCV x2, Widow Mine  
  158  16:31  Marine x3  
  169  16:34  Marine  
  169  16:35  Marine  
  158  16:46  Marine  
  155  16:47  SCV x2  
  155  16:50  SCV  
  155  16:52  Missile Turret  
Tags
 
Add a new tag
Caveats
  • Supply blocks, unpowered buildings, or Contaminate may cause inaccurate times.
  • Supply counts are checked every 10 seconds.